PAAA
PHOENIX HOTSPUR RESERVES @ OCEANSIDE AVIATORS
07/09/2021
 
TOP OF THE 1ST
Phoenix Hotspur Reserves batting - Pitching for Oceanside Aviators : LHP Addie Samson
Pitching: LHP Addie Samson
Batting: SHB Roberto López 0-0: Called Strike
0-1: Foul Ball, location: 2F
0-2: Ball
1-2: Foul Ball, location: 2F
1-2: Ball
2-2: Ball
3-2: Base on Balls
Batting: RHB Ben Anderson 0-0: Called Strike
0-1: Ball
Roberto López steals 2nd base
1-1: Ground out 6-3 (Groundball, 6)
Roberto López to third
Batting: RHB António Ramos 0-0: Called Strike
0-1: Swinging Strike
0-2: Ball
1-2: Strikes out swinging
Batting: RHB Martín Martínez 0-0: Foul Ball, location: 2F
0-1: Foul Ball, location: 2F
0-2: Hit by Pitch
Batting: LHB Ricardo Miranda 0-0: Ball
1-0: Fly out, F4 (Popup, 4M)
Top of the 1st over - 0 run(s), 0 hit(s), 0 error(s), 2 left on base; Phoenix 0 - Oceanside 0
BOTTOM OF THE 1ST
Oceanside Aviators batting - Pitching for Phoenix Hotspur Reserves : RHP Jim Unknown
Pitching: RHP Jim Unknown
Batting: RHB Lorenzo Sabastro 0-0: Ball
1-0: Ball
2-0: SINGLE (Line Drive, 78M)
Batting: RHB Ulbert Sutkamp 0-0: Called Strike
Lorenzo Sabastro is caught stealing 2nd base
0-1: Fly out, F7 (Line Drive, 7M)
Batting: RHB Paco Rodríguez 0-0: Called Strike
0-1: Ball
1-1: Foul Ball, location: 2F
1-2: Ball
2-2: SINGLE (Line Drive, 6MD)
Batting: RHB Randy García 0-0: Ball
1-0: Foul Ball, location: 2F
1-1: Ball
2-1: Ground out 5-3 (Groundball, 56)
Bottom of the 1st over - 0 run(s), 2 hit(s), 0 error(s), 1 left on base; Phoenix 0 - Oceanside 0
TOP OF THE 2ND
Phoenix Hotspur Reserves batting - Pitching for Oceanside Aviators : LHP Addie Samson
Batting: RHB Phil Terry 0-0: Called Strike
0-1: Ball
1-1: Swinging Strike
1-2: Strikes out looking
Batting: LHB Geoff Tucker 0-0: Foul Ball, location: 2F
0-1: Ball
1-1: Swinging Strike
1-2: Strikes out looking
Batting: RHB Daniel Cooper 0-0: Called Strike
0-1: Ball
1-1: Ground out 4-3 (Groundball, 4M)
Top of the 2nd over - 0 run(s), 0 hit(s), 0 error(s), 0 left on base; Phoenix 0 - Oceanside 0
BOTTOM OF THE 2ND
Oceanside Aviators batting - Pitching for Phoenix Hotspur Reserves : RHP Jim Unknown
Batting: RHB Jesús Martínez 0-0: Foul Ball, location: 2F
0-1: SINGLE (Groundball, 2L) (infield hit)
Batting: RHB Jeffery Campbell 0-0: Grounds into double play, 6-4-3 (Groundball, 6M)
Batting: RHB Dan Finch 0-0: Ball
1-0: Ball
2-0: Called Strike
2-1: Ball
3-1: Fly out, F9 (Flyball, 9LMF)
Bottom of the 2nd over - 0 run(s), 1 hit(s), 0 error(s), 0 left on base; Phoenix 0 - Oceanside 0
TOP OF THE 3RD
Phoenix Hotspur Reserves batting - Pitching for Oceanside Aviators : LHP Addie Samson
Batting: SHB John Jenkins 0-0: Ball
1-0: Called Strike
1-1: Ball
2-1: Ball
3-1: SINGLE (Groundball, 6M)
Batting: SHB Roberto López 0-0: Swinging Strike
0-1: Ball
1-1: Foul Ball, location: 2F
1-2: Fly out, F8 (Flyball, 8RS)
Batting: RHB Ben Anderson 0-0: Called Strike
0-1: Called Strike
0-2: Strikes out looking
Batting: RHB António Ramos 0-0: Ball
1-0: Fly out, F8 (Popup, 78S)
Top of the 3rd over - 0 run(s), 1 hit(s), 0 error(s), 1 left on base; Phoenix 0 - Oceanside 0
BOTTOM OF THE 3RD
Oceanside Aviators batting - Pitching for Phoenix Hotspur Reserves : RHP Jim Unknown
Batting: RHB Brian King 0-0: Ball
1-0: Foul Ball, location: 2F
1-1: Ball
2-1: Foul Ball, location: 2F
2-2: DOUBLE (Line Drive, 8LS)
Batting: RHB Billy Strauss 0-0: SINGLE (Line Drive, 5L)
Brian King to third
Batting: RHB Lorenzo Sabastro 0-0: Ball
1-0: Swinging Strike
1-1: Ball
2-1: Fly out, F9 (Flyball, 89M)
Runner from 3rd tags up, SCORES, no throw
Batting: RHB Ulbert Sutkamp 0-0: Called Strike
0-1: Called Strike
0-2: Ball
1-2: Grounds into double play, 6-4-3 (Groundball, 6)
Bottom of the 3rd over - 1 run(s), 2 hit(s), 0 error(s), 0 left on base; Phoenix 0 - Oceanside 1
TOP OF THE 4TH
Phoenix Hotspur Reserves batting - Pitching for Oceanside Aviators : LHP Addie Samson
Batting: RHB Martín Martínez 0-0: Called Strike
0-1: Ball
1-1: Swinging Strike
1-2: Strikes out swinging
Batting: LHB Ricardo Miranda 0-0: Ball
1-0: Ball
2-0: Called Strike
2-1: Ball
3-1: Called Strike
3-2: Foul Ball, location: 2F
3-2: Base on Balls
Batting: RHB Phil Terry Single, Error in OF, E7, batter to second base
Ricardo Miranda to third
Batting: LHB Geoff Tucker 0-0: Ground out U3 (Groundball, 3)
Batting: RHB Daniel Cooper 0-0: Called Strike
0-1: Ground out 6-3 (Groundball, 6M)
Top of the 4th over - 0 run(s), 1 hit(s), 1 error(s), 2 left on base; Phoenix 0 - Oceanside 1
BOTTOM OF THE 4TH
Oceanside Aviators batting - Pitching for Phoenix Hotspur Reserves : RHP Jim Unknown
Batting: RHB Paco Rodríguez 0-0: Foul Ball, location: 2F
0-1: Ball
1-1: Ball
2-1: Fly out, F6 (Popup, 6MD)
Batting: RHB Randy García 0-0: Called Strike
0-1: Ball
1-1: SINGLE (Line Drive, 7LS)
Batting: RHB Jesús Martínez 0-0: Grounds into double play, 5-4-3 (Groundball, 56)
Bottom of the 4th over - 0 run(s), 1 hit(s), 0 error(s), 0 left on base; Phoenix 0 - Oceanside 1
TOP OF THE 5TH
Phoenix Hotspur Reserves batting - Pitching for Oceanside Aviators : LHP Addie Samson
Batting: SHB John Jenkins 0-0: Ball
1-0: Foul Ball, location: 2F
1-1: SINGLE (Flyball, 8RS)
Batting: SHB Roberto López 0-0: Sac Bunt - play at first, batter OUT! 5-3
John Jenkins to second
Batting: RHB Ben Anderson 0-0: Ground out 5-3 (Groundball, 5)
Batting: RHB António Ramos 0-0: Called Strike
0-1: Ball
1-1: DOUBLE (Line Drive, 5D)
John Jenkins scores
Batting: RHB Martín Martínez 0-0: Ball
Wild Pitch!
António Ramos to third
1-0: Ball
2-0: Called Strike
2-1: Ball
3-1: Base on Balls
Batting: LHB Ricardo Miranda 0-0: Ball
1-0: Swinging Strike
1-1: Ball
2-1: Ball
3-1: SINGLE (Flyball, 6MD)
António Ramos scores
Martín Martínez to second
Batting: RHB Phil Terry 0-0: Called Strike
0-1: Ball
1-1: Ground out 5-3 (Groundball, 56)
Top of the 5th over - 2 run(s), 3 hit(s), 0 error(s), 2 left on base; Phoenix 2 - Oceanside 1
BOTTOM OF THE 5TH
Oceanside Aviators batting - Pitching for Phoenix Hotspur Reserves : RHP Jim Unknown
Batting: RHB Jeffery Campbell 0-0: Swinging Strike
0-1: Ground out 5-3 (Groundball, 5)
Batting: RHB Dan Finch 0-0: Called Strike
0-1: Swinging Strike
0-2: Ball
1-2: Ball
2-2: Foul Ball, location: 2F
2-2: Ball
3-2: Strikes out swinging
Batting: RHB Brian King 0-0: Ball
1-0: Ball
2-0: Called Strike
2-1: Fly out, F8 (Flyball, 8RM)
Bottom of the 5th over - 0 run(s), 0 hit(s), 0 error(s), 0 left on base; Phoenix 2 - Oceanside 1
TOP OF THE 6TH
Phoenix Hotspur Reserves batting - Pitching for Oceanside Aviators : LHP Addie Samson
Batting: LHB Geoff Tucker 0-0: Called Strike
0-1: Foul Ball, location: 2F
0-2: Strikes out swinging
Batting: RHB Daniel Cooper 0-0: Swinging Strike
0-1: Ground out 2-3 (Groundball, 25)
Batting: SHB John Jenkins 0-0: Ball
1-0: Fly out, F7 (Flyball, 7LS)
Top of the 6th over - 0 run(s), 0 hit(s), 0 error(s), 0 left on base; Phoenix 2 - Oceanside 1
BOTTOM OF THE 6TH
Oceanside Aviators batting - Pitching for Phoenix Hotspur Reserves : RHP Jim Unknown
Batting: RHB Billy Strauss 0-0: Ball
1-0: DOUBLE (Line Drive, 89M)
Batting: RHB Lorenzo Sabastro 0-0: Foul Ball, location: 2F
0-1: Ball
1-1: Sac Bunt - play at first, batter OUT! 1-4
Billy Strauss to third
Batting: RHB Ulbert Sutkamp 0-0: Fly out, F4 (Popup, 3D)
Batting: RHB Paco Rodríguez 0-0: Swinging Strike
0-1: Ball
1-1: Ball
2-1: Foul Ball, location: 2F
2-2: Ball
3-2: Foul Ball, location: 2F
3-2: Fly out, F8 (Flyball, 8RM)
Bottom of the 6th over - 0 run(s), 1 hit(s), 0 error(s), 1 left on base; Phoenix 2 - Oceanside 1
TOP OF THE 7TH
Phoenix Hotspur Reserves batting - Pitching for Oceanside Aviators : LHP Addie Samson
Batting: SHB Roberto López 0-0: Ball
1-0: Foul Ball, location: 2F
1-1: Ball
2-1: SINGLE (Groundball, 56D)
Batting: RHB Ben Anderson 0-0: Bunted foul
0-1: Bunted foul
0-2: Fielders Choice at 2nd, 4-6 (Groundball, 4)
Batting: RHB António Ramos 0-0: Called Strike
0-1: Ball
1-1: Swinging Strike
1-2: Fly out, F8 (Flyball, 8LXD)
Batting: RHB Martín Martínez 0-0: Called Strike
0-1: Ball
1-1: Ball
2-1: Ball
3-1: Foul Ball, location: 2F
3-2: Reached on error, E4 (Groundball, 4M)
Ben Anderson to second
Pinch Hitting: RHB Jaime Chavarriaga 0-0: Called Strike
0-1: Ball
1-1: Fly out, F9 (Flyball, 9S)
Top of the 7th over - 0 run(s), 1 hit(s), 1 error(s), 2 left on base; Phoenix 2 - Oceanside 1
BOTTOM OF THE 7TH
Oceanside Aviators batting - Pitching for Phoenix Hotspur Reserves : RHP Jim Unknown
Now at 1B: Dave Wynn
Batting: RHB Randy García 0-0: Ball
1-0: Ground out 5-3 (Groundball, 56S)
Batting: RHB Jesús Martínez 0-0: Called Strike
0-1: SINGLE (Line Drive, 78M)
Pinch Hitting: LHB Jim Unknown 0-0: Called Strike
0-1: Ball
1-1: Called Strike
1-2: Strikes out looking
Batting: RHB Dan Finch 0-0: Ball
1-0: Ball
2-0: Called Strike
2-1: DOUBLE (Line Drive, 8RM)
Jesús Martínez to third
Runner from 3rd tries for Home, SAFE, throw made home
Pinch Hitting: LHB Adrián Rodríguez 0-0: Called Strike
0-1: Called Strike
0-2: Ball
1-2: Ball
2-2: Foul Ball, location: 2F
2-2: Foul Ball, location: 2F
2-2: Ball
3-2: Ground out 6-3 (Groundball, 6MS)
Bottom of the 7th over - 1 run(s), 2 hit(s), 0 error(s), 1 left on base; Phoenix 2 - Oceanside 2
TOP OF THE 8TH
Phoenix Hotspur Reserves batting - Pitching for Oceanside Aviators : LHP Addie Samson
Now at 3B: Jacob Holt
Now in RF: Adrián Rodríguez
Batting: RHB Phil Terry 0-0: Ball
1-0: Ball
2-0: Ball
3-0: Base on Balls
Batting: LHB Geoff Tucker 0-0: Ball
1-0: Sac Bunt - play at second, runner OUT! 1-6
Pitching: RHP Rafael García
Pinch Hitting: LHB Chin Pak 0-0: Called Strike
Geoff Tucker steals 2nd base
0-1: Ground out 4-3 (Groundball, 6M)
Geoff Tucker to third
Batting: SHB John Jenkins 0-0: Called Strike
0-1: Called Strike
0-2: Strikes out swinging
Top of the 8th over - 0 run(s), 0 hit(s), 0 error(s), 1 left on base; Phoenix 2 - Oceanside 2
BOTTOM OF THE 8TH
Oceanside Aviators batting - Pitching for Phoenix Hotspur Reserves : RHP Jim Unknown
Now in CF: Chin Pak
Batting: RHB Billy Strauss 0-0: Called Strike
0-1: Called Strike
0-2: Ground out 4-3 (Groundball, 4)
Pinch Hitting: RHB Jason Shaffer 0-0: Ground out 6-3 (Groundball, 6)
Batting: RHB Ulbert Sutkamp 0-0: Reached on error, E6 (Groundball, 56)
Batting: RHB Paco Rodríguez 0-0: Ball
1-0: Foul Ball, location: 2F
1-1: DOUBLE (Line Drive, 9LM)
Ulbert Sutkamp to third
Runner from 3rd tries for Home, SAFE, no throw or cutoff
Batting: RHB Randy García 0-0: Ball
1-0: Ground out 5-3 (Groundball, 5)
Bottom of the 8th over - 1 run(s), 1 hit(s), 1 error(s), 1 left on base; Phoenix 2 - Oceanside 3
TOP OF THE 9TH
Phoenix Hotspur Reserves batting - Pitching for Oceanside Aviators : RHP Rafael García
Pitching: LHP José Ortíz
Now at SS: Manny Hernández
Batting: SHB Roberto López 0-0: Ball
1-0: Swinging Strike
1-1: SINGLE (Groundball, 6MD)
Batting: RHB Ben Anderson 0-0: Sac Bunt - play at second, runner safe!
Batting: RHB António Ramos 0-0: Called Strike
0-1: Ball
1-1: Fly out, F7 (Flyball, 78M)
Batting: RHB Martín Martínez 0-0: Ball
1-0: Called Strike
1-1: Ground out 5-3 (Groundball, 5S)
Roberto López to third
Ben Anderson to second
Pinch Hitting: RHB Juan Banda 0-0: Called Strike
0-1: SINGLE (Line Drive, 7LS)
Roberto López scores
Ben Anderson to third
Runner from 3rd tries for Home, SAFE, throw made home
Juan Banda to second
Batting: RHB Phil Terry 0-0: Ball
1-0: Foul Ball, location: 2F
1-1: Ball
2-1: Foul Ball, location: 2F
2-2: Ball
3-2: Base on Balls
Pinch Hitting: RHB Jim Unknown 0-0: Swinging Strike
0-1: Ball
1-1: Foul Ball, location: 2F
1-2: SINGLE (Line Drive, 9LS)
Juan Banda to third
Phil Terry to second
Runner from 3rd tries for Home, SAFE, no throw or cutoff
Pitching: RHP Ron Kennedy
Batting: LHB Chin Pak 0-0: Ground out 4-3 (Groundball, 4)
Top of the 9th over - 3 run(s), 3 hit(s), 0 error(s), 2 left on base; Phoenix 5 - Oceanside 3
BOTTOM OF THE 9TH
Oceanside Aviators batting - Pitching for Phoenix Hotspur Reserves : RHP Jim Unknown
Pitching: RHP Rewa Malaki
Now at 1B: Jim Unknown
Now in CF: Juan Banda
Batting: RHB Jesús Martínez 0-0: Ball
1-0: SINGLE (Line Drive, 9LS)
Pinch Hitting: LHB Lee Williams 0-0: Ball
1-0: Called Strike
1-1: Called Strike
1-2: Ball
2-2: SINGLE (Line Drive, 34)
Jesús Martínez to second
Batting: RHB Dan Finch 0-0: SINGLE (Groundball, 56D)
Jesús Martínez to third
Lee Williams to second
Batting: LHB Adrián Rodríguez 0-0: Foul Ball, location: 2F
0-1: Grounds into fielders choice 1-2 (Groundball, 13S)
Lee Williams to third
Dan Finch to second
Batting: RHB Billy Strauss 0-0: Ball
1-0: SINGLE (Line Drive, 78M)
Lee Williams scores
Dan Finch to third
Adrián Rodríguez to second
Batting: RHB Manny Hernández 0-0: Called Strike
0-1: Called Strike
0-2: Fly out, F7 (Flyball, 78M)
Runner from 3rd tags up, SCORES, throw made
Batting: RHB Ulbert Sutkamp 0-0: Called Strike
0-1: Foul Ball, location: 2F
0-2: Ball
1-2: Ball
2-2: Foul Ball, location: 2F
2-2: Ball
3-2: Base on Balls
Adrián Rodríguez to third
Billy Strauss to second
Batting: RHB Paco Rodríguez 0-0: Foul Ball, location: 2F
0-1: Swinging Strike
0-2: Ball
1-2: Ball
2-2: Ground out 4-3 (Groundball, 4)
Bottom of the 9th over - 2 run(s), 4 hit(s), 0 error(s), 3 left on base; Phoenix 5 - Oceanside 5
TOP OF THE 10TH
Phoenix Hotspur Reserves batting - Pitching for Oceanside Aviators : RHP Ron Kennedy
Pitching: RHP Markus Morgan
Now at 3B: Greg Hart
Batting: SHB John Jenkins 0-0: Ball
1-0: Called Strike
1-1: Ball
2-1: Foul Ball, location: 2F
2-2: Foul Ball, location: 2F
2-2: SINGLE (Line Drive, 7S)
Batting: SHB Roberto López 0-0: Ball
1-0: Bunted foul
1-1: Sac Bunt - play at first, batter OUT! 1-4
John Jenkins to second
Batting: RHB Ben Anderson 0-0: Called Strike
0-1: Ball
1-1: SINGLE (Line Drive, 7S)
John Jenkins to third
Runner from 3rd tries for Home, SAFE, throw made home
Ben Anderson to second
Batting: RHB António Ramos 0-0: Ball
1-0: Ball
2-0: Foul Ball, location: 2F
2-1: Fly out, F4 (Line Drive, 4M)
Batting: RHB Martín Martínez 0-0: Called Strike
0-1: Ball
1-1: Ball
2-1: Ball
3-1: Foul Ball, location: 2F
3-2: Strikes out swinging
Top of the 10th over - 1 run(s), 2 hit(s), 0 error(s), 1 left on base; Phoenix 6 - Oceanside 5
BOTTOM OF THE 10TH
Oceanside Aviators batting - Pitching for Phoenix Hotspur Reserves : RHP Rewa Malaki
Now at 2B: Edgar Cantú
Batting: RHB Randy García 0-0: Ball
1-0: Ball
2-0: Called Strike
2-1: SINGLE (Groundball, 56D)
Batting: RHB Jesús Martínez 0-0: SINGLE (Groundball, 25) (infield hit)
Randy García to second
Batting: RHB Greg Hart 0-0: Swinging Strike
0-1: Swinging Strike
0-2: Ball
1-2: Foul Ball, location: 2F
1-2: Ball
2-2: Strikes out swinging
Batting: RHB Dan Finch 0-0: Fly out, F9 (Flyball, 9D)
Batting: LHB Adrián Rodríguez 0-0: Called Strike
0-1: Ground out 4-3 (Groundball, 4)
Bottom of the 10th over - 0 run(s), 2 hit(s), 0 error(s), 2 left on base; Phoenix 6 - Oceanside 5
This league is powered by Out of the Park Baseball, the baseball management simulation game for PC, Mac and Linux
Friday, January 22nd, 2016 - OOTP Baseball 16.9 Build 39